 Dungeon Sprint DCSS version 0.24-a0-201-gf2055891f0 (webtiles) character file.

Game seed: 2040839454717423031

69087 Findor the Hoplite (level 14, -2/118 HPs)
             Began as a Demonspawn Gladiator on Mar 23, 2019.
             Was the Champion of Okawaru.
             Killed from afar by a spellforged servitor (70 damage)
             ... with an iron shot
             ... summoned by Frederick
             ... in the Dungeon (Sprint IX: "|||||||||||||||||||||||||||||") on Mar 24, 2019.
             The game lasted 00:34:24 (6530 turns).

Findor the Hoplite (Demonspawn Gladiator)           Turns: 6530, Time: 00:34:24

Health: -2/118     AC: 27    Str: 22    XL:     14   Next: 89%
Magic:  21/25      EV: 22    Int: 10    God:    Okawaru [******]
Gold:   615        SH: 27    Dex: 14    Spells: 13/13 levels left

rFire    . . .     SeeInvis .   a - +2 broad axe (chop)
rCold    + . .     Gourm    .   H - +1 large shield
rNeg     . . .     Faith    .   t - +1 plate armour {rPois}
rPois    +         Spirit   .   c - +0 helmet
rElec    .         Reflect  .   D - +2 cloak {MR+}
rCorr    .         Harm     .   G - +1 pair of gloves
MR       +++..     NoTele   +   (boots unavailable)
Stlth    +.........             C - amulet of regeneration
HPRegen  0.69/turn              l - ring of protection from magic
MPRegen  0.19/turn              s - +2 ring of evasion

@: heroism, finesse, very slightly contaminated
A: talons 3, cold resistance 1, high mp 1, poison resistance, powered by pain 1,
strong 1, sturdy frame 3
a: Heroism, Finesse, Renounce Religion


You were in the Dungeon.
You worshipped Okawaru.
Okawaru was exalted by your worship.
You were hungry.

You visited 1 branch You collected 1938 gold pieces.
You spent 1323 gold pieces at shops.


Innate Abilities, Weirdness & Mutations

You have claws for feet.
You sometimes gain a little power by taking damage.
Your movements are significantly less encumbered by armour. (ER -6)
Your flesh is cold resistant. (rC+)
You have an increased reservoir of magic. (+10% MP)
Your system is resistant to poisons. (rPois)
Your muscles are strong. (Str +2)


   Skills:
 - Level 13.2(18.2) Fighting
 - Level 16.0(21.0) Axes
 - Level 1.7(6.7) Throwing
 - Level 12.1(17.1) Armour
 - Level 12.4(17.4) Dodging
 * Level 24.7(27) Shields
 - Level 10.0 Invocations
 - Level 12.0 Evocations


You had 13 spell levels left.
You didn't know any spells.
Your spell library was empty.

Inventory:

Hand Weapons
 a - a +2 broad axe of chopping (weapon)
   (You found it in the Dungeon)
 b - a +2 dire flail of protection
   (You found it in the Dungeon)
 F - the +9 broad axe of Dopaic {distort, rC- Int+5}
   (You found it in the Dungeon)

   It warps and distorts space around it.
   Unwielding it can cause banishment or high damage.
   It affects your intelligence (+5).
   It makes you vulnerable to cold.
Missiles
 u - 3 throwing nets {!f}
 x - 3 poisoned javelins (quivered)
Armour
 c - a +0 helmet (worn)
 o - a +0 cloak of poison resistance
   (Okawaru gifted it to you in the Dungeon)
 t - a +1 plate armour of poison resistance (worn)
   (You took it off an orc knight in the Dungeon)
 D - a +2 cloak of magic resistance (worn)
   (You took it off Maurice in the Dungeon)
 G - a +1 pair of gloves (worn)
   (You found it in the Dungeon)
 H - a +1 large shield (worn)
   (You found it in the Dungeon)
Jewellery
 l - a ring of protection from magic (left hand)
   (You found it in the Dungeon)
 p - a +3 ring of dexterity
   (You found it in the Dungeon)
 r - an uncursed ring of protection from cold
   (You bought it in a shop in the Dungeon)
 s - a +2 ring of evasion (right hand)
   (You found it in the Dungeon)
 C - an amulet of regeneration (around neck)
   (You found it in the Dungeon)
Wands
 d - a wand of iceblast (7)
   (You took it off Maurice in the Dungeon)
 v - a wand of digging (4)
   (You found it in the Dungeon)
Scrolls
 k - 2 scrolls of blinking
 m - 4 scrolls of remove curse {@r2}
 n - 2 scrolls of amnesia
 w - 3 scrolls of fear
Potions
 e - 2 potions of curing {@q1}
 h - a potion of haste {@q3}
 i - 4 potions of magic
 j - a potion of might
 A - 2 potions of heal wounds {@q2}
 B - a potion of cancellation
Miscellaneous
 y - a lamp of fire
   (You bought it in a shop in the Dungeon)
Comestibles
 f - 4 chunks of flesh
 g - 11 rations


Message History

The black draconian is engulfed in blazing flames.
You hit the spellforged servitor.
The spellforged servitor is engulfed in blazing flames.
You slash the spellforged servitor!
Your kick misses the spellforged servitor.
The spellforged servitor hums quietly as it recharges.
The black draconian is engulfed in blazing flames.
You hit the spellforged servitor. You claw the spellforged servitor.
You feel yourself speed up.
Frederick is engulfed in blazing flames.
You completely miss the spellforged servitor.
Your kick misses the spellforged servitor.
The spellforged servitor hums quietly as it recharges.
You slice the spellforged servitor!!
Your kick misses the spellforged servitor.
The spellforged servitor hums quietly as it recharges.
You hit the spellforged servitor.
Your kick misses the spellforged servitor.
Frederick is engulfed in blazing flames.
The spellforged servitor is engulfed in blazing flames.
The spellforged servitor casts a spell at you.
The iron shot hits you!!!
* * * LOW HITPOINT WARNING * * *
You feel much better.
The spellforged servitor hums quietly as it recharges.
Frederick is engulfed in blazing flames.
You closely miss the spellforged servitor.
You claw the spellforged servitor.
The spellforged servitor hums quietly as it recharges.
You slice the spellforged servitor!! You claw the spellforged servitor.
The spellforged servitor hums quietly as it recharges.
You slash the spellforged servitor!
You destroy the spellforged servitor!
Frederick is engulfed in blazing flames.
Frederick mumbles some strange words.
Frederick summons a servant imbued with his destructive magic!
Your plate armour prevents you from hitting the spellforged servitor.
You claw the spellforged servitor, but do no damage.
The spellforged servitor hums quietly as it recharges.
You hit the spellforged servitor.
You claw the spellforged servitor, but do no damage.
The spellforged servitor hums quietly as it recharges.
You slice the spellforged servitor!!
You claw the spellforged servitor, but do no damage.
Frederick is engulfed in blazing flames.
The spellforged servitor is engulfed in blazing flames.
The spellforged servitor casts a spell at you.
The iron shot hits you!!!
Ouch! That really hurt!
You die...

▓.▓.▓.▓.▓[▓.▓)▓.▓'
▓.▓.▓.▓.▓.▓.▓'▓.▓.
▓§▓.▓)▓.▓.▓.▓.▓.▓.
▓§▓.▓.▓(▓.▓.▓)▓.▓.
▓§▓.▓.▓.▓.▓.▓.▓.▓.
▓d▓.▓÷▓.▓.▓.▓(▓.▓.
▓@▓.▓÷▓)▓.▓.▓.▓.▓(
▓8▓.▓)▓.▓.▓.▓.▓.▓.
▓@▓.▓.▓.▓.▓.▓(▓.▓.
▓.▓.▓.▓.▓.▓.▓(▓.▓.
▓.▓.▓.▓.▓[▓.▓.▓.▓'
▓[▓.▓.▓.▓[▓.▓.▓.▓.
▓.▓.▓)▓.▓[▓.▓[▓.▓.
▓.▓.▓)▓.▓[▓.▓)▓.▓.
▓.▓.▓.▓.▓.▓.▓)▓.▓.
▓.▓.▓.▓.▓)▓.▓.▓.▓.
▓.▓.▓)▓.▓.▓.▓.▓.▓.


You could see Frederick, a black draconian and a spellforged servitor.

Vanquished Creatures
  Saint Roka (D)
  A lich (D)
  A death cob (D)
  A thorn hunter (D)
  Kirke (D)
  Donald (D)
  A fire giant (D)
  2 frost giants (D)
  A nagaraja (D)
  A vault warden (D)
  A very ugly thing (D)
  3 stone giants (D)
  A vampire knight (D)
  Nessos (D)
  A fire dragon (D)
  An ettin (D)
  A merfolk impaler (D)
  A great orb of eyes (D)
  2 yaktaur captains (D)
  2 hydras (D)
  A rakshasa (D)
  4 ice dragons (D)
  2 naga warriors (D)
  A catoblepas (D)
  A merfolk aquamancer (D)
  Erica (D)
  4 centaur warriors (D)
  3 death yaks (D)
  A deep troll earth mage (D)
  An alligator (D)
  A shock serpent (D)
  3 orc high priests (D)
  A fire crab (shapeshifter) (D)
  A glowing orange brain (D)
  A swamp dragon (shapeshifter) (D)
  An unseen horror (D)
  A wizard (D)
  An ironbrand convoker (D)
  6 orc knights (D)
  A spriggan druid (D)
  A harpy (shapeshifter) (D)
  2 harpies (D)
  An oklob plant (D)
  An ugly thing (D)
  4 wolf spiders (D)
  4 orc sorcerers (D)
  An elephant (D)
  Maurice (D)
  2 water nymphs (D)
  5 black mambas (D)
  4 spiny frogs (D)
  A gargoyle (D)
  2 yaktaurs (D)
  A demonic crawler (D)
  2 komodo dragons (D)
  A guardian mummy (D)
  A meliai (D)
  A tyrant leech (D)
  2 slime creatures (D)
  A blink frog (shapeshifter) (D)
  A bog body (D)
  3 snapping turtles (D)
  A shadow (D)
  A tarantella (shapeshifter) (D)
  2 redbacks (D)
  2 tarantellas (D)
  6 yaks (D)
  3 hogs (D)
  A basilisk (D)
  A vampire mosquito (D)
  A hungry ghost (D)
  2 wargs (D)
  A naga (D)
  6 water moccasins (D)
  A porcupine (D)
  11 orc warriors (D)
  2 boggarts (D)
  2 centaurs (D)
  A wolf (D)
  A crocodile (D)
  3 bullfrogs (D)
  A howler monkey (D)
  A crimson imp (D)
  A hound (D)
  4 orc priests (D)
  4 orc wizards (D)
  A worker ant (D)
  An adder (D)
  An adder simulacrum (D)
  14 orcs (D)
  2 bats (D)
  2 giant cockroaches (D)
  A frilled lizard (D)
  A giant cockroach simulacrum (D)
  A giant cockroach zombie (D)
  A rat (D)
187 creatures vanquished.

Notes
Turn   | Place    | Note
-------+----------+-------------------------------------------
     0 | D        | Findor the Demonspawn Gladiator began the quest for the
                  | Orb.
     0 | D        | Reached XP level 1. HP: 16/16 MP: 1/1
     7 | D        | Reached skill level 3 in Axes
    43 | D        | Noticed a hound
    43 | D        | Noticed an orc wizard
    43 | D        | Noticed a howler monkey
    47 | D        | HP: 3/16 [howler monkey (6)]
    52 | D        | Killed a howler monkey
    52 | D        | Reached skill level 6 in Axes
    52 | D        | Gained mutation: Your movements are slightly less
                  | encumbered by armour. (ER -2) [demonic ancestry]
    52 | D        | Reached XP level 2. HP: 21/22 MP: 2/2
    52 | D        | Gained mutation: You have sharp toenails. [demonic
                  | ancestry]
    52 | D        | Reached XP level 3. HP: 26/27 MP: 3/3
    53 | D        | Reached XP level 4. HP: 32/33 MP: 4/4
   188 | D        | Found a roughly hewn altar of Beogh.
   188 | D        | Found a snail-covered altar of Cheibriados.
   188 | D        | Found a shadowy altar of Dithmenos.
   188 | D        | Found a white marble altar of Elyvilon.
   188 | D        | Found a blossoming altar of Fedhas.
   188 | D        | Found an opulent altar of Gozag.
   189 | D        | Found a hazy altar of Hepliaklqana.
   190 | D        | Found a viscous altar of Jiyva.
   191 | D        | Found an ancient bone altar of Kikubaaqudgha.
   192 | D        | Found a corrupted altar of Lugonu.
   193 | D        | Found a burning altar of Makhleb.
   194 | D        | Found a sparkling altar of Nemelex Xobeh.
   195 | D        | Found an iron altar of Okawaru.
   196 | D        | Found a stormy altar of Qazlal.
   197 | D        | Found a sacrificial altar of Ru.
   198 | D        | Found a deep blue altar of Sif Muna.
   199 | D        | Found a bloodstained altar of Trog.
   200 | D        | Found a hide-covered altar of Uskayaw.
   201 | D        | Found a radiant altar of Vehumet.
   202 | D        | Found an ornate altar of the Wu Jian Council.
   203 | D        | Became a worshipper of Warmaster Okawaru
   204 | D        | Found a shimmering altar of Xom.
   205 | D        | Found a basalt altar of Yredelemnul.
   206 | D        | Found a glowing silver altar of Zin.
   207 | D        | Found a glowing golden altar of the Shining One.
   258 | D        | Noticed a centaur
   258 | D        | Noticed a hungry ghost
   258 | D        | Noticed a water moccasin
   258 | D        | Noticed a bullfrog
   263 | D        | Killed a bullfrog
   263 | D        | Reached XP level 5. HP: 37/38 MP: 5/5
   270 | D        | Killed a water moccasin
   270 | D        | Reached XP level 6. HP: 37/44 MP: 6/6
   281 | D        | Killed a hungry ghost
   281 | D        | Reached * piety under Okawaru
   289 | D        | Reached XP level 7. HP: 38/50 MP: 7/7
   379 | D        | Noticed a gargoyle
   379 | D        | Noticed a shadow
   386 | D        | Killed a shadow
   391 | D        | Reached skill level 1 in Armour
   391 | D        | Reached skill level 3 in Dodging
   401 | D        | Killed a gargoyle
   401 | D        | Reached ** piety under Okawaru
   401 | D        | Reached skill level 3 in Fighting
   401 | D        | Reached XP level 8. HP: 55/60 MP: 8/8
   403 | D        | Reached skill level 15 in Axes
   404 | D        | Reached skill level 3 in Armour
   558 | D        | Gained mutation: You have an increased reservoir of magic.
                  | (+10% MP) [potion of mutation]
   558 | D        | Gained mutation: Your flesh is cold resistant. (rC+)
                  | [potion of mutation]
   558 | D        | Gained mutation: Your muscles are strong. (Str +2) [potion
                  | of mutation]
   558 | D        | Gained mutation: Your system is resistant to poisons.
                  | (rPois) [potion of mutation]
   573 | D        | Noticed a black mamba
   591 | D        | Killed a black mamba
   591 | D        | Reached *** piety under Okawaru
   603 | D        | Reached **** piety under Okawaru
   605 | D        | Gained mutation: You have razor-sharp toenails. [demonic
                  | ancestry]
   605 | D        | Reached XP level 9. HP: 28/69 MP: 5/9
   609 | D        | Reached skill level 6 in Fighting
   613 | D        | HP: 13/69 [yak (11)]
   625 | D        | Reached skill level 6 in Dodging
   630 | D        | HP: 11/70 [wolf (5)]
   926 | D        | Noticed a komodo dragon
   926 | D        | Noticed an oklob plant
   926 | D        | Noticed an elephant
   926 | D        | Noticed a spiny frog
   926 | D        | Noticed a komodo dragon
   935 | D        | Killed a komodo dragon
   935 | D        | Reached skill level 6 in Armour
   936 | D        | Killed a spiny frog
   940 | D        | Killed an elephant
  1325 | D        | Noticed a spiny frog
  1326 | D        | HP: 3/74 [acid (13)]
  1331 | D        | HP: 13/74 [acid (10)]
  1335 | D        | Killed an oklob plant
  1335 | D        | Reached ***** piety under Okawaru
  1336 | D        | HP: 9/75 [komodo dragon (6)]
  1338 | D        | Gained mutation: Your movements are less encumbered by
                  | armour. (ER -4) [demonic ancestry]
  1338 | D        | Reached XP level 10. HP: 10/82 MP: 11/11
  1341 | D        | Received a gift from Okawaru
  1341 | D        | Reached skill level 9 in Fighting
  1345 | D        | Killed a spiny frog
  1776 | D        | Noticed a catoblepas
  1776 | D        | Noticed a death yak
  1776 | D        | Noticed a death yak
  1779 | D        | Noticed a death yak
  1790 | D        | Killed a death yak
  1790 | D        | Received a gift from Okawaru
  1790 | D        | Reached skill level 9 in Armour
  1790 | D        | Reached skill level 9 in Dodging
  1791 | D        | Got a distressingly furry ring mail {god gift}
  2103 | D        | Killed a death yak
  2244 | D        | HP: 11/86 [catoblepas (10)]
  2249 | D        | Killed a catoblepas
  2257 | D        | Killed a death yak
  2629 | D        | Identified the +1 ring mail of Bian {-Tele Int+6} (Okawaru
                  | gifted it to you in the Dungeon)
  2718 | D        | Noticed an orc knight
  2718 | D        | Noticed a stone giant
  2748 | D        | Killed a stone giant
  2748 | D        | Received a gift from Okawaru
  2748 | D        | Gained mutation: You have claws for feet. [demonic
                  | ancestry]
  2748 | D        | Reached XP level 11. HP: 26/93 MP: 9/18
  2757 | D        | Killed an orc knight
  2757 | D        | Reached skill level 9 in Invocations
  3164 | D        | Noticed an orc knight
  3216 | D        | Killed an orc knight
  3367 | D        | Reached skill level 12 in Fighting
  3707 | D        | Found Riggecuc's Assorted Antiques.
  3707 | D        | Noticed an orc sorcerer
  3707 | D        | Noticed an orc high priest
  3707 | D        | Noticed an orc sorcerer
  3712 | D        | Noticed a sun demon
  3744 | D        | Noticed a soul eater
  3747 | D        | Killed an orc sorcerer
  3777 | D        | Killed an orc high priest
  3777 | D        | Received a gift from Okawaru
  3786 | D        | Killed an orc sorcerer
  3786 | D        | Reached ****** piety under Okawaru
  3967 | D        | Noticed an orc high priest
  3978 | D        | Killed an orc high priest
  3978 | D        | Received a gift from Okawaru
  3978 | D        | Reached skill level 12 in Dodging
  3989 | D        | Noticed an orc knight
  3990 | D        | Noticed an orc sorcerer
  4006 | D        | Killed an orc knight
  4016 | D        | Killed an orc sorcerer
  4154 | D        | Found Haerud Zoddu's Distillery.
  4157 | D        | Found Zapsal's Weapon Boutique.
  4159 | D        | Found Awecsar's Book Shop.
  4164 | D        | Bought a lamp of fire for 760 gold pieces
  4177 | D        | Bought a potion of heal wounds for 65 gold pieces
  4177 | D        | Bought a potion of heal wounds for 65 gold pieces
  4177 | D        | Bought a potion of heal wounds for 65 gold pieces
  4178 | D        | Bought a potion of cancellation for 104 gold pieces
  4178 | D        | Noticed an orc sorcerer
  4179 | D        | Noticed an orc high priest
  4200 | D        | Noticed a soul eater
  4211 | D        | Killed an orc sorcerer
  4211 | D        | Reached skill level 12 in Armour
  4212 | D        | Killed an orc high priest
  4366 | D        | Bought an emerald ring for 95 gold pieces
  4366 | D        | Bought a steel ring for 95 gold pieces
  4366 | D        | Bought an amethyst potion for 17 gold pieces
  4366 | D        | Bought a scroll labeled DORAIBR PO XUM for 19 gold pieces
  4366 | D        | Bought a scroll of identify for 38 gold pieces
  4397 | D        | Noticed Maurice
  4544 | D        | Killed Maurice
  4545 | D        | Noticed Erica
  4573 | D        | Killed Erica
  4573 | D        | Reached skill level 6 in Evocations
  4679 | D        | Got the +9 broad axe of Dopaic {distort, rC- Int+5}
  4687 | D        | Got the cursed +0 ring mail of the Battered Planets {Str+7}
  4771 | D        | Noticed an orc knight
  4771 | D        | Noticed a fire crab
  4771 | D        | Noticed a five-headed hydra
  4773 | D        | Received a gift from Okawaru
  4773 | D        | Reached skill level 1 in Shields
  4774 | D        | Reached skill level 2 in Shields
  4774 | D        | Gained mutation: Your movements are significantly less
                  | encumbered by armour. (ER -6) [demonic ancestry]
  4774 | D        | Reached XP level 12. HP: 105/105 MP: 21/21
  4776 | D        | Noticed a centaur warrior
  4776 | D        | Killed a five-headed hydra
  4776 | D        | Reached skill level 3 in Shields
  4777 | D        | Reached skill level 4 in Shields
  4782 | D        | Killed a centaur warrior
  4782 | D        | Reached skill level 5 in Shields
  4783 | D        | Reached skill level 6 in Shields
  4787 | D        | Noticed a centaur warrior
  4788 | D        | Reached skill level 7 in Shields
  4788 | D        | Reached skill level 9 in Evocations
  4794 | D        | Killed a centaur warrior
  4794 | D        | Reached skill level 8 in Shields
  4797 | D        | Got a bloodstained robe {god gift}
  4893 | D        | Noticed a frost giant
  4896 | D        | Noticed an ettin
  4900 | D        | Reached skill level 9 in Shields
  4905 | D        | Killed an ettin
  4908 | D        | Killed a frost giant
  4908 | D        | Reached skill level 10 in Shields
  4987 | D        | Noticed Saint Roka
  5104 | D        | Killed Saint Roka
  5104 | D        | Received a gift from Okawaru
  5104 | D        | Reached skill level 12 in Shields
  5104 | D        | Reached skill level 12 in Evocations
  5104 | D        | Reached XP level 13. HP: 56/111 MP: 15/24
  5277 | D        | Noticed Nessos
  5286 | D        | Killed Nessos
  5286 | D        | Reached skill level 13 in Shields
  5396 | D        | Noticed a thorn hunter
  5401 | D        | Reached skill level 14 in Shields
  5404 | D        | Killed a thorn hunter
  5404 | D        | Received a gift from Okawaru
  5407 | D        | Got a dull robe {god gift}
  5409 | D        | Reached skill level 15 in Shields
  5457 | D        | Reached skill level 16 in Shields
  5478 | D        | Noticed a nagaraja
  5490 | D        | Killed a nagaraja
  5490 | D        | Reached skill level 17 in Shields
  5551 | D        | Reached skill level 18 in Shields
  5562 | D        | Noticed a merfolk impaler
  5576 | D        | Killed a merfolk impaler
  5708 | D        | Received a gift from Okawaru
  5709 | D        | Got a polished hand crossbow {god gift}
  5733 | D        | Reached skill level 19 in Shields
  5823 | D        | Noticed Donald
  5845 | D        | Killed Donald
  5848 | D        | Noticed Kirke
  5858 | D        | Killed Kirke
  5858 | D        | Reached skill level 20 in Shields
  5858 | D        | Gained mutation: You sometimes gain a little power by
                  | taking damage. [demonic ancestry]
  5858 | D        | Reached XP level 14. HP: 106/118 MP: 20/25
  5972 | D        | Noticed a stone giant
  5972 | D        | Noticed a purple very ugly thing
  5972 | D        | Noticed a stone giant
  5972 | D        | Noticed a frost giant
  5977 | D        | Killed a frost giant
  5980 | D        | Noticed a vampire knight
  5982 | D        | Killed a purple very ugly thing
  5983 | D        | Killed a stone giant
  5983 | D        | Received a gift from Okawaru
  5986 | D        | Reached skill level 21 in Shields
  5987 | D        | Killed a stone giant
  5991 | D        | Noticed a fire giant
  5997 | D        | HP: 21/118 [vampire knight/vampiric draining (12)]
  6000 | D        | Killed a vampire knight
  6008 | D        | Killed a fire giant
  6057 | D        | Reached skill level 22 in Shields
  6350 | D        | Reached skill level 23 in Shields
  6427 | D        | Noticed a lich
  6440 | D        | Killed a lich
  6440 | D        | Received a gift from Okawaru
  6440 | D        | Reached skill level 24 in Shields
  6455 | D        | Noticed a vault warden
  6462 | D        | Killed a vault warden
  6504 | D        | Noticed Frederick
  6505 | D        | Noticed a death cob
  6515 | D        | Killed a death cob
  6530 | D        | Killed from afar by a spellforged servitor

Levels and vault maps discovered:
D:        linesprint [early_d, line_temple, items_1, d_10, items_2, lair_1,
          lair_end, items_3, orc_1, orc_end, items_4, d_15, swamp_1, shoals_1,
          snake_1, spider_1, d_20, vaults_1, items_5, swamp_end, shoals_end,
          snake_end, spider_end, vaults_end, d_27, items_6, zot_1, zot_end,
          crypt_end, forest_end, elf_end, slime_end, tomb_end, abyss_end,
          pan_hell_end]

Action                   |  1- 3 |  4- 6 |  7- 9 | 10-12 | 13-15 || total
-------------------------+-------+-------+-------+-------+-------++-------
Melee: War axe           |    16 |     5 |       |       |       ||    21
       Broad axe         |       |    29 |    85 |   264 |   228 ||   606
       Kick              |       |    10 |    29 |   121 |   100 ||   260
       Punch             |       |       |     1 |       |       ||     1
Throw: Javelin           |       |       |       |     2 |     3 ||     5
Invok: Heroism           |       |       |     3 |    12 |     4 ||    19
       Finesse           |       |       |       |     2 |     5 ||     7
Evoke: Wand              |       |       |     6 |     4 |       ||    10
       Lamp of fire      |       |       |       |     5 |    13 ||    18
  Use: Potion            |     2 |       |     8 |     7 |     5 ||    22
       Scroll            |       |       |     1 |     6 |     2 ||     9
 Stab: Petrified         |       |       |       |     9 |       ||     9
       Invisible         |       |       |       |     2 |       ||     2
       Distracted        |       |       |       |     1 |       ||     1
  Eat: Ration            |       |     1 |       |       |       ||     1
       Chunk             |       |       |     1 |    12 |     5 ||    18
Armor: Leather armour    |     2 |     2 |       |       |       ||     4
       Plate armour      |       |    12 |    18 |    72 |    35 ||   137
Dodge: Dodged            |    12 |    19 |    41 |    89 |    59 ||   220
Block: Large shield      |       |       |       |    25 |   190 ||   215
